 Dungeon Crawl Stone Soup version 0.21.1-1-g345015f (webtiles) character file.

112 Fang the Skirmisher (level 4, -1/29 HPs)
             Began as a Gargoyle Berserker on July 30, 2018.
             Was a Believer of Trog.
             Slain by a worker ant (3 damage)
             ... on level 2 of the Dungeon.
             The game lasted 00:01:23 (1752 turns).

Fang the Skirmisher (Gargoyle Berserker)            Turns: 1752, Time: 00:01:24

Health: -1/29      AC:  3    Str: 22    XL:     4   Next: 93%
Magic:  4/4        EV: 12    Int:  7    God:    Trog [**....]
Gold:   82         SH:  0    Dex:  9    Spells: 3/3 levels left

rFire    . . .     SeeInvis .   a - +0 hand axe
rCold    . . .     Gourm    .   (no shield)
rNeg     + . .     Faith    .   b - +0 animal skin
rPois    ∞         Spirit   .   (no helmet)
rElec    +         Reflect  .   (no cloak)
rCorr    .         Harm     .   (no gloves)
MR       .....                  (no boots)
Stlth    +.........             (no amulet)
HPRegen  0.09/turn              i - -2 ring of protection (curse)
MPRegen  0.09/turn              (no ring)

@: no status effects
A: negative energy resistance 1, electricity resistance, unbreathing,
petrification resistance, rot immunity, AC +3
a: Berserk, Trog's Hand, Burn Spellbooks, Renounce Religion


You were on level 2 of the Dungeon.
You worshipped Trog.
Trog was pleased with you.
You were near starving.

You visited 1 branch of the dungeon, and saw 2 of its levels.

You collected 82 gold pieces.

Inventory:

Hand Weapons
 a - a +0 hand axe (weapon)
Armour
 b - a +0 animal skin (worn)
Jewellery
 i - a cursed -2 ring of protection (left hand)
Scrolls
 e - 2 scrolls of identify {unknown}
 g - 2 scrolls of enchant weapon {unknown}
 h - a scroll of enchant armour {unknown}
Potions
 d - a potion of lignification {unknown}
 f - a potion of cancellation {unknown}
Comestibles
 c - 5 rations


   Skills:
 + Level 4.2 Fighting
 + Level 4.0 Axes
 + Level 2.2 Armour
 + Level 2.0 Dodging
 + Level 1.2 Stealth


You had 3 spell levels left.
You didn't know any spells.

Dungeon Overview and Level Annotations

Branches:
Dungeon (2/15)

Altars:


Innate Abilities, Weirdness & Mutations

You are resistant to torment.
Your stone body is resilient. (AC +3)
You are immune to poison.
You resist negative energy. (rN+)
You are resistant to electric shocks. (rElec)
You can survive without breathing.
You are immune to petrification.
You are immune to rotting.


Message History

You are too injured to fight recklessly!
You are too injured to fight recklessly!
You hit the worker ant but do no damage.
The worker ant is lightly wounded.
You closely miss the leopard gecko.
The worker ant bites you but does no damage.
The leopard gecko closely misses you.
You barely miss the worker ant.
The worker ant is lightly wounded.
You closely miss the leopard gecko. The worker ant bites you.
* * * LOW HITPOINT WARNING * * *
The leopard gecko bites you.
* * * LOW HITPOINT WARNING * * *
You hit the worker ant but do no damage.
The worker ant is lightly wounded.
You closely miss the leopard gecko. The leopard gecko bites you.
* * * LOW HITPOINT WARNING * * *
The worker ant bites you but does no damage.
The worker ant bites you.
You die...

#(........$.#
#...........#
##.........?.#
............#
#..........#
#...(......#
#..la)...$.#
#...@......#
#..........#
##'#########
#.# #.# #.#
#.# #.# #.#


You could see a worker ant and a leopard gecko.

Vanquished Creatures
  Jessica (D:2)
  4 adders (D:2)
  A worm (D:2)
  4 dart slugs (D:1)
  2 leopard geckos (D:1)
  A ball python (D:1)
  3 bats (D:1)
  A giant cockroach (D:1)
  3 goblins (D:1)
  7 hobgoblins
  2 kobolds (D:1)
  2 frilled lizards (D:2)
  A leopard gecko zombie (D:2)
  8 rats
40 creatures vanquished.

Notes
Turn   | Place    | Note
-------+----------+-------------------------------------------
     0 | D:1      | Fang the Gargoyle Berserker began the quest for the Orb.
     0 | D:1      | Reached XP level 1. HP: 14/14 MP: 1/1
   225 | D:1      | Reached XP level 2. HP: 16/19 MP: 2/2
   672 | D:1      | Reached XP level 3. HP: 17/24 MP: 3/3
   929 | D:1      | Reached ** piety under Trog
  1248 | D:2      | Noticed Jessica
  1256 | D:2      | Killed Jessica
  1256 | D:2      | Reached skill level 1 in Stealth
  1256 | D:2      | Reached XP level 4. HP: 27/29 MP: 4/4
  1752 | D:2      | Slain by a worker ant

Skill      XL: |  1  2  3  4 |
---------------+-------------+-----
Axes           | 3 4 |  4.0
Fighting       | 4 |  4.2
Stealth        | 1 |  1.2
Dodging        | 2 |  2.0
Armour         | |  2.2

Action                   |  1- 3 |  4- 6 || total
-------------------------+-------+-------++-------
Melee: Hand axe          |   106 |    52 ||   158
 Stab: Sleeping          |     2 |       ||     2
  Eat: Chunk             |       |     1 ||     1
Armor: Animal skin       |    30 |    15 ||    45
Dodge: Dodged            |    59 |    49 ||   108
